 Dungeon Crawl Stone Soup version 0.30-b1-2-g02819fbbbe (webtiles) character file.

Game seed: 17983722546198786420

95 TittyCrusher the Cudgeller (level 4, -1/28 (35) HPs)
             Began as a Formicid Fighter on May 3, 2023.
             Slain by Grinder (5 damage)
             ... on level 3 of the Dungeon.
             The game lasted 00:04:31 (1911 turns).

TittyCrusher the Cudgeller (Formicid Fighter)       Turns: 1911, Time: 00:04:32

HP:   -1/28 (35)    AC:  6    Str: 21    XL:     4   Next: 97%
MP:   4/4           EV:  9    Int:  7    God:
Gold: 30            SH: 10    Dex: 15    Spells: 3/3 levels left

rFire   + . .        l - +0 flail
rCold   + . .        c - +0 buckler
rNeg    . . .        b - +0 scale mail
rPois   +            (helmet unavailable)
rElec   +            (no cloak)
rCorr   +            (no gloves)
SInv    +            (no boots)
Will    .....        q - amulet of Kuiroj {Reflect +Inv Fly SH+5} Stlth
                     n - ring of poison resistance
HPRegen 0.24/turn    (no ring)
MPRegen 0.09/turn

%: reflection
@: mighty, resistant, flying, heavily drained
A: permanent stasis, dig shafts and tunnels, antennae 3, four strong arms
a: Dig, Shaft Self, Evoke Invisibility


You were on level 3 of the Dungeon.
You visited 1 branch of the dungeon, and saw 3 of its levels.

You collected 82 gold pieces.
You spent 52 gold pieces at shops.

Inventory:

Hand Weapons
 a - a +2 whip of venom
 l - a +0 flail (weapon)
Missiles
 i - 20 stones (quivered)
 j - 13 poisoned darts
Armour
 b - a +0 scale mail (worn)
 c - a +0 buckler (worn)
Magical Staves
 m - a staff of earth
Jewellery
 n - a ring of poison resistance (left hand)
 q - the amulet of Kuiroj (around neck) {Reflect +Inv Fly SH+5}
   (You took it off a kobold on level 3 of the Dungeon)

   [amulet of reflection]

   It reflects blocked missile attacks.
   +Inv:      It lets you turn invisible.
   Fly:       It grants you flight.
   SH:        It affects your SH (+5).
Scrolls
 g - a scroll of brand weapon {unknown}
 p - a scroll of enchant weapon {unknown}
 r - a scroll of fear
Potions
 e - a potion of flight
 f - a potion of brilliance
 k - a potion of heal wounds {unknown}
 o - a potion of lignification {unknown}


   Skills:
 - Level 3.2 Fighting
 + Level 4.4 Maces & Flails
 - Level 3.2 Armour
 + Level 0.8 Dodging
 + Level 0.6 Stealth
 - Level 4.0 Shields


You had 3 spell levels left.
You didn't know any spells.
Your spell library was empty.

Dungeon Overview and Level Annotations

Branches:
Dungeon (3/15)

Altars:

Shops:
D:1 ?

Annotations:
D:1 1 transporter
D:3 Grinder


Innate Abilities, Weirdness & Mutations

You cannot be hasted, slowed, berserked, paralysed or teleported.
You can dig through walls and to a lower floor.
You have a pair of large antennae on your head. (SInv)
Your four strong arms can wield two-handed weapons with a shield.


Message History

Grinder gestures at you. You resist with significant effort.
You dig through the rock wall.
You feel drained.
You feel very mighty all of a sudden.
You retract your mandibles.
You barely miss Grinder. Grinder gestures at you.
Your stasis prevents you from being paralysed.
Your +2 whip of venom stops dripping with poison.
You are now empty-handed.
Really attack while wielding nothing? [Y]es or [N]o only, please.
Really attack while wielding nothing? [Y]es or [N]o only, please.
Really attack while wielding nothing?
Okay, then.
l - a +0 flail (weapon)
Grinder blinks!
You completely miss Grinder. Grinder hits you.
You writhe in agony.
You closely miss Grinder. Grinder hits you.
You writhe in agony.
You sock Grinder!
Grinder is moderately wounded.
Grinder hits you.
You writhe in agony.
Grinder closely misses you.
You are too injured to fight recklessly!
You are too injured to fight recklessly!
You are too injured to fight recklessly!
You closely miss Grinder.
Grinder is moderately wounded.
Grinder says, "I used to sell toenails on the black market."
Grinder hits you!
* * * LOW HITPOINT WARNING * * *
You writhe in agony.
* * * LOW HITPOINT WARNING * * *
It was a potion of resistance.
You feel protected. Grinder barely misses you.
You hit Grinder.
Grinder is heavily wounded.
Grinder says, "You look like you could use a good racking."
Grinder hits you.
You die...

### ##@#####
#5##... ##.#.#
#######5.#...
#......#.#..#
..ยง.####.#.#..#
# #......#..##
#.#...##...
#.#.#...##.#


You could see Grinder.

Vanquished Creatures
  Robin (D:3)
  3 adders
  An orc (D:3)
  8 bats
  5 endoplasms
  3 giant cockroaches
  9 goblins
  7 hobgoblins
  5 ball pythons
  3 frilled lizards
  6 kobolds
  2 rats (D:2)
53 creatures vanquished.

Notes
Turn   | Place    | Note
-------+----------+-------------------------------------------
     0 | D:1      | TittyCrusher the Formicid Fighter began the quest for the
                  | Orb.
     0 | D:1      | Reached XP level 1. HP: 18/18 MP: 1/1
    51 | D:1      | Reached XP level 2. HP: 13/24 MP: 2/2
   198 | D:1      | Found Iniuqolu's Magic Scroll Emporium.
   703 | D:2      | Reached XP level 3. HP: 13/29 MP: 3/3
  1488 | D:3      | Reached XP level 4. HP: 35/35 MP: 4/4
  1570 | D:3      | Noticed Robin
  1594 | D:3      | Killed Robin
  1669 | D:3      | Identified the amulet of Kuiroj {Reflect +Inv Fly SH+5}
  1796 | D:1      | Bought a scroll of fear for 52 gold pieces
  1893 | D:3      | Noticed Grinder
  1911 | D:3      | Slain by Grinder

Illustrated notes

Levels and vault maps discovered:
D:1:      spicycebolla_arrival_risky_transporter, layout_basic, serial_shops,
          nicolae_shop_statue_plus
D:2:      layout_loops_corners
D:3:      layout_basic, minmay_randomly_rotated_circles,
          uniq_crazy_yiuf_cottage, uniq_terence, uniq_robin, uniq_grinder

Skill      XL: |  1  2  3  4 |
---------------+-------------+-----
Maces & Flails | 3 4 |  4.4
Fighting       | |  3.2
Armour         | |  3.2
Dodging        | |  0.8
Stealth        | |  0.6
Shields        | |  4.0

Action                     |  1- 3 |  4- 6 || total
---------------------------+-------+-------++-------
  Melee: Flail             |    76 |     5 ||    81
         Whip              |    18 |    60 ||    78
Ability: Dig               |       |     2 ||     2
    Use: Scroll            |     5 |       ||     5
         Potion            |       |     2 ||     2
 Armour: Scale mail        |    40 |    24 ||    64
  Dodge: Dodged            |    44 |    29 ||    73
  Block: Buckler           |    18 |    22 ||    40
